 Dungeon Crawl Stone Soup version 0.27-a0-1140-g099f9bb0e8 (webtiles) character file.

Game seed: 13033029381860223281

1601 leviel the Chopper (level 8, -2/70 HPs)
             Began as a Minotaur Fighter on May 8, 2021.
             Slain by a killer bee (3 damage)
             ... on level 6 of the Dungeon on May 9, 2021.
             The game lasted 00:06:19 (4599 turns).

leviel the Chopper (Minotaur Fighter)               Turns: 4599, Time: 00:06:22

Health: -2/70      AC:  7    Str: 24    XL:     8   Next: 62%
Magic:  9/9        EV:  8    Int:  5    God:
Gold:   180        SH: 10    Dex:  9    Spells: 7/7 levels left

rFire    . . .     SeeInvis .   a - +0 war axe
rCold    . . .     Faith    .   c - +0 kite shield
rNeg     . . .     Spirit   .   b - +0 scale mail
rPois    .         Reflect  .   (helmet restricted)
rElec    .         Harm     .   (no cloak)
rCorr    .         Rampage  .   (no gloves)
Will     .....                  (no boots)
Stlth    ..........             h - amulet of regeneration
HPRegen  1.21/turn              (no ring)
MPRegen  0.11/turn              (no ring)

@: lethally poisoned (-2 -> -5)
A: horns 2, retaliatory headbutt
a: no special abilities


You were on level 6 of the Dungeon.
You visited 1 branch of the dungeon, and saw 7 of its levels.

You collected 180 gold pieces.

Inventory:

Hand Weapons
 a - a +0 war axe (weapon)
Armour
 b - a +0 scale mail (worn)
 c - a +0 kite shield (worn)
Jewellery
 h - an amulet of regeneration (around neck)
 j - a ring of ice
 r - a ring of wizardry
 u - a +6 ring of dexterity
 B - a ring of ice
 C - a +6 ring of dexterity
Wands
 w - a wand of acid (12)
Scrolls
 e - 9 scrolls of identify {unknown}
 i - a scroll of vulnerability {unknown}
 l - 8 scrolls of noise {unknown}
 n - a scroll of enchant armour {unknown}
 o - 5 scrolls of teleportation {unknown}
 p - a scroll of fear {unknown}
 q - a scroll of magic mapping {unknown}
 t - a scroll of fog {unknown}
 v - 2 scrolls of immolation {unknown}
 y - 2 scrolls of blinking {unknown}
 A - a scroll of enchant weapon {unknown}
 E - a scroll of torment {unknown}
Potions
 d - 2 potions of might
 f - 7 potions of curing
 g - 2 potions of berserk rage {unknown}
 k - a potion of degeneration {unknown}
 m - 2 potions of flight {unknown}
 s - a potion of attraction {unknown}
 x - a potion of brilliance {unknown}
 z - a potion of mutation {unknown}
 D - a potion of heal wounds {unknown}


   Skills:
 + Level 6.2 Fighting
 * Level 7.2 Axes
 + Level 6.3 Armour
 + Level 6.2 Shields
 + Level 3.7 Invocations
 + Level 3.3 Evocations


You had 7 spell levels left.
You didn't know any spells.
Your spell library contained the following spells:

 Spells                   Type           Power      Damage    Failure   Level
 Animate Skeleton         Necr           0%         N/A       98%         1
 Magic Dart               Conj           0%         1d3       98%         1
 Pain                     Necr           0%         1d4       98%         1
 Searing Ray              Conj           0%         3d3       99%         2
 Dazzling Flash           Conj/Hex       0%         N/A       100%        3
 Vampiric Draining        Necr           0%         2d6       100%        3
 Animate Dead             Necr           0%         N/A       100%        4
 Fulminant Prism          Conj/Hex       0%         3d6       100%        4
 Iskenderun's Mystic Bla  Conj/Tloc      0%         2d3       100%        4
 Agony                    Necr           0%         N/A       100%        5


Dungeon Overview and Level Annotations

Branches:
Dungeon (7/15)
 Temple: D:4-7

Altars:

Shops:
D:3 [   D:6 [

Annotations:
D:5 3 runed translucent doors, leviel's ghost, novice FoFi


Innate Abilities, Weirdness & Mutations

You have a pair of horns on your head.
You reflexively headbutt those who attack you in melee.


Message History

The killer bee poisons you! You block the killer bee's attack.
The killer bee barely misses you.
The killer bee stings you but does no damage.
The killer bee stings you. The killer bee barely misses you.
The killer bee closely misses you. You furiously retaliate!
You headbutt the killer bee! The killer bee barely misses you.
You block the killer bee's attack. x2; The killer bee closely misses you.
You barely miss the killer bee. Your headbutt misses the killer bee.
The killer bee is heavily wounded.
You miss the killer bee. You closely miss the killer bee. x2
You barely miss the killer bee. You closely miss the killer bee.
You feel very sick.
The killer bee stings you but does no damage.
The killer bee barely misses you. x2; You furiously retaliate!
You headbutt the killer bee.
The killer bee stings you but does no damage.
You block the killer bee's attack. The killer bee stings you.
* * * LOW HITPOINT WARNING * * *
You are more poisoned.
The killer bee poisons you! The killer bee stings you.
* * * LOW HITPOINT WARNING * * *
You are lethally poisoned!
The killer bee poisons you! The killer bee stings you.
* * * LOW HITPOINT WARNING * * *
The killer bee stings you.
* * * LOW HITPOINT WARNING * * *
You block the killer bee's attack. The killer bee stings you!
* * * LOW HITPOINT WARNING * * *
You are more poisoned.
The killer bee poisons you! The killer bee stings you.
* * * LOW HITPOINT WARNING * * *
The killer bee closely misses you. You block the killer bee's attack.
The killer bee barely misses you.
It was a potion of curing.
You feel better. The killer bee stings you.
* * * LOW HITPOINT WARNING * * *
You are poisoned.
The killer bee poisons you! The killer bee stings you!
* * * LOW HITPOINT WARNING * * *
The killer bee stings you.
You die...

..)..............#
.................#
.................#
.................#
.................# #....#
)................# #....#
))...............######## #....#
)................y......# #....#
...............y@y......# #....#
...............yyy......# #....#
........................# #....#
........................## #....#
.........................###....#
..........................##....#
..........................##....#
...........≈≈≈≈≈≈≈....8..8##....#
........≈≈≈≈≈≈≈≈≈≈≈≈≈.8..8##....#


You could see 6 killer bees.

Vanquished Creatures
  Sigmund (D:3)
  2 sky beasts
  An ogre (D:4)
  A black bear (D:4)
  A necrophage (D:5)
  A centaur (D:6)
  2 phantoms
  A scorpion (D:5)
  A wyvern skeleton (D:6)
  2 howler monkeys
  A centaur zombie (D:6)
  2 jellies (D:4)
  3 hounds
  A centaur skeleton (D:6)
  Ijyb (D:4)
  Natasha (thrice) (D:2)
  2 iguanas
  A hound zombie (D:5)
  A gnoll (D:1)
  7 adders
  2 white imps
  An adder skeleton (D:5)
  2 worms (D:2)
  2 dart slugs
  19 orcs
  7 endoplasms
  2 giant cockroaches (D:4)
  8 hobgoblins
  11 jackals
  5 quokkas
  3 ball pythons (D:3)
  6 bats
  5 frilled lizards
  7 goblins
  3 kobolds
  3 rats
121 creatures vanquished.

Notes
Turn   | Place    | Note
-------+----------+-------------------------------------------
     0 | D:1      | leviel the Minotaur Fighter began the quest for the Orb.
     0 | D:1      | Reached XP level 1. HP: 19/19 MP: 0/0
    28 | D:1      | Reached XP level 2. HP: 16/27 MP: 1/1
   606 | D:1      | Reached XP level 3. HP: 32/33 MP: 2/2
   771 | D:1      | Found a faded altar of an unknown god.
  1334 | D:2      | Reached skill level 3 in Axes
  1343 | D:2      | Noticed Natasha
  1354 | D:2      | Killed Natasha
  1355 | D:2      | Reached XP level 4. HP: 26/40 MP: 3/3
  1368 | D:2      | Noticed Natasha
  1384 | D:2      | Killed Natasha
  1512 | D:2      | Reached skill level 1 in Invocations
  1762 | D:2      | Noticed Natasha
  1769 | D:2      | Killed Natasha
  1770 | D:2      | Reached skill level 1 in Evocations
  1958 | D:3      | Reached XP level 5. HP: 47/47 MP: 4/4
  2062 | D:3      | Noticed Sigmund
  2067 | D:3      | Killed Sigmund
  2068 | D:3      | Reached skill level 4 in Axes
  2068 | D:3      | Reached XP level 6. HP: 53/53 MP: 4/6
  2588 | D:3      | Found Fohei's Antique Armour Shoppe.
  3187 | D:4      | Reached skill level 5 in Fighting
  3187 | D:4      | Reached skill level 5 in Axes
  3187 | D:4      | Reached skill level 5 in Armour
  3275 | D:4      | Noticed Ijyb
  3285 | D:4      | Killed Ijyb
  3286 | D:4      | Reached skill level 5 in Shields
  3286 | D:4      | Reached XP level 7. HP: 61/61 MP: 7/7
  3527 | D:5      | Entered Level 5 of the Dungeon
  3614 | D:5      | Reached skill level 6 in Axes
  3758 | D:5      | Reached XP level 8. HP: 55/70 MP: 9/9
  4024 | D:5      | Found a runed translucent gate.
  4024 | D:5      | Found a runed translucent gate.
  4024 | D:5      | Found a runed translucent gate.
  4025 | D:5      | Noticed leviel's ghost (novice FoFi)
  4191 | D:6      | Found Kilut's Antique Armour Shop.
  4459 | D:6      | Reached skill level 7 in Axes
  4598 | D:6      | HP: 1/70 [killer bee (4)]
  4599 | D:6      | Slain by a killer bee

Illustrated notes

Levels and vault maps discovered:
D:1:      tarquinn_simple_flora_water_d, layout_loops_corners,
          shapermc_ecumenical_altar_totnotflames, chequers_jeans,
          hangedman_decor_growths, minmay_statues_item,
          chequers_serial_rivers_micro_b, hangedman_glass_teeth
D:2:      layout_rooms, uniq_natasha
D:3:      layout_basic, serial_shops, shop, hangedman_decor_opposing,
          uniq_sigmund
D:4:      layout_basic, minmay_misc_feat_nine_boxes, uniq_ijyb
D:5:      layout_basic, ebering_ghost_rock_garden
D:6:      wander_river, layout_gridville, serial_shops, shop
D:7:      cheibrodos_shockbox, layout_basic, ashenzari_altar_1,
          minmay_temple_entry_fiery

Skill      XL: |  1  2  3  4  5  6  7  8 |
---------------+-------------------------+-----
Armour         | 4 5 6 |  6.3
Fighting       | 4 5 6 |  6.2
Shields        | 4 5 6 |  6.2
Axes           | 3 4 5 6 7 |  7.2
Invocations    | 1 2 3 |  3.7
Evocations     | 1 2 3 |  3.3

Action                   |  1- 3 |  4- 6 |  7- 9 || total
-------------------------+-------+-------+-------++-------
Melee: War axe           |    60 |   160 |   119 ||   339
       Headbutt          |     9 |    20 |    31 ||    60
  Use: Potion            |       |     1 |     1 ||     2
Armor: Scale mail        |    29 |    83 |    63 ||   175
Dodge: Dodged            |    22 |    49 |    55 ||   126
Block: Kite shield       |    38 |    90 |   110 ||   238

Table legend: (Time is in decaauts)
 A = Elapsed time spent in this place.
 B = Non-inter-level travel time spent in this place.
 C = Inter-level travel time spent in this place.
 D = Time resting spent in this place.
 E = Time spent auto-exploring this place.
 F = Levels seen in this place.
 G = Mean time per level.
                   A        B        C        D        E       F      G
               +--------+--------+--------+--------+--------+-----+--------+
         Total |   4795 |   4651 |    144 |    276 |   3496 |   7 |  685.0 |
       Dungeon |   4795 |   4651 |    144 |    276 |   3496 |   7 |  685.0 |
               +--------+--------+--------+--------+--------+-----+--------+

Top non-repeatable levels by time:
     D:1: 1356 daAuts
     D:3: 901 daAuts
     D:4: 762 daAuts
     D:5: 688 daAuts
     D:2: 639 daAuts
     D:6: 409 daAuts
     D:7: 37 daAuts
